 Dungeon Sprint DCSS version 0.23.2-1-ga50397a6bc (webtiles) character file.

Game seed: 1376143801965757436

1076 Kobolds4U the Unseen (level 8, -2/37 HPs)
             Began as a Spriggan Assassin on May 22, 2019.
             Was a Follower of Okawaru.
             Slain by a centaur warrior (14 damage)
             ... in the Dungeon (Sprint I: "Red Sonja").
             The game lasted 00:01:37 (134 turns).

Kobolds4U the Unseen (Spriggan Assassin)             Turns: 134, Time: 00:01:38

Health: -2/37      AC:  3    Str:  7    XL:     8   Next: 8%
Magic:  8/9        EV: 31    Int: 12    God:    Okawaru [*.....]
Gold:   261        SH:  0    Dex: 20    Spells: 7/7 levels left

rFire    . . .     SeeInvis +   a - +2 dagger
rCold    . . .     Gourm    .   (shield restricted)
rNeg     . . .     Faith    .   c - +0 robe
rPois    .         Spirit   .   (helmet restricted)
rElec    .         Reflect  .   d - +0 cloak
rCorr    .         Harm     .   (gloves unavailable)
MR       +....     NoTele   +   (boots unavailable)
Stlth    ++++++++..             (no amulet)
HPRegen  0.12/turn              (no ring)
MPRegen  0.11/turn              (no ring)

@: very slightly contaminated, very quick
A: very small, unfitting armour, see invisible, herbivore, speed 3, slow
metabolism 2
a: Heroism, Renounce Religion


You were in the Dungeon.
You worshipped Okawaru.
Okawaru was aware of your devotion.
You were not hungry.

You visited 1 branch You collected 297 gold pieces.
You spent 36 gold pieces at shops.

Inventory:

Hand Weapons
 a - a +2 dagger (weapon)
 b - a +0 blowgun
Missiles
 e - 8 poisoned needles
 f - 2 curare-tipped needles
Armour
 c - a +0 robe (worn)
 d - a +0 cloak (worn)
Wands
 n - a wand of random effects (23)
Scrolls
 o - 2 scrolls of identify {unknown}
Potions
 h - a potion of curing
 j - a potion of haste
 k - 2 potions of magic
 l - a potion of berserk rage
 p - a potion of flight
Comestibles
 g - a ration


   Skills:
 - Level 1.5 Fighting
 - Level 2.1 Short Blades
 - Level 2.0 Throwing
 + Level 14.3 Dodging
 - Level 20.4 Stealth


You had 7 spell levels left.
You didn't know any spells.
Your spell library was empty.

Dungeon Overview and Level Annotations

Branches:
Dungeon (1/1)

Altars:
Cheibriados
Dithmenos
Elyvilon
Fedhas
Gozag
Hepliaklqana
Kikubaaqudgha
Nemelex Xobeh
Okawaru
Qazlal
Ru
Sif Muna
Trog
Uskayaw
Vehumet
Wu Jian
Yredelemnul
Zin
The Shining One

Shops:
D !


Innate Abilities, Weirdness & Mutations

You are very small and have problems with some larger weapons.
You are too small for most types of armour.
You have supernaturally acute eyesight. (SInv)
You are a herbivore.
You cover ground extremely quickly.
You need to consume almost no food.


Message History

The centaur warrior is lightly wounded.
You feel like a meek peon again.
The centaur warrior completely misses you.
You barely miss the centaur warrior.
The centaur warrior is lightly wounded.
The centaur warrior misses you.
You hit the centaur warrior but do no damage.
The centaur warrior is lightly wounded.
The centaur warrior misses you.
The centaur warrior hits you but does no damage.
You hit the centaur warrior.
The centaur warrior is lightly wounded.
The centaur warrior hits you.
You hit the centaur warrior but do no damage.
The centaur warrior is lightly wounded.
The centaur warrior completely misses you.
You hit the centaur warrior.
The centaur warrior is lightly wounded.
The centaur warrior hits you!
You die...

#############
#.)'..#.)'..#
'..#.)'..#..+
#####'#####'# ####
####..#...#.####§§#
#__####..##.#§§§§§#
#_____##'#_.'§§§@§+
#_.∩...'..._#§§§§c#
#_..__##_.#'##+####
#_____###+#[#
####### ###


You could see a centaur warrior.

Vanquished Creatures
  A centaur warrior (D)
  Sigmund (D)
  A yak (D)
  An ogre (D)
  A jelly (D)
  Ijyb (D)
6 creatures vanquished.

Notes
Turn   | Place    | Note
-------+----------+-------------------------------------------
     0 | D        | Kobolds4U the Spriggan Assassin began the quest for the
                  | Orb.
     0 | D        | Reached XP level 1. HP: 10/10 MP: 2/2
     1 | D        | Noticed Ijyb
     6 | D        | Killed Ijyb
     6 | D        | Reached skill level 10 in Stealth
     6 | D        | Reached XP level 2. HP: 14/14 MP: 3/3
     9 | D        | Noticed an ogre
    12 | D        | Killed an ogre
    12 | D        | Reached skill level 14 in Stealth
    12 | D        | Reached XP level 3. HP: 18/18 MP: 4/4
    12 | D        | Reached XP level 4. HP: 22/22 MP: 5/5
    14 | D        | Noticed Sigmund
    17 | D        | Killed Sigmund
    17 | D        | Reached skill level 18 in Stealth
    17 | D        | Reached XP level 5. HP: 25/25 MP: 6/6
    47 | D        | Found a deep blue altar of Sif Muna.
    48 | D        | Found an ornate altar of the Wu Jian Council.
    49 | D        | Found a radiant altar of Vehumet.
    53 | D        | Reached XP level 6. HP: 30/30 MP: 7/7
    85 | D        | Found Zioth's Distillery.
    85 | D        | Found an ancient bone altar of Kikubaaqudgha.
    85 | D        | Found a hazy altar of Hepliaklqana.
    85 | D        | Found a stormy altar of Qazlal.
    85 | D        | Found a hide-covered altar of Uskayaw.
    85 | D        | Found a blossoming altar of Fedhas.
    85 | D        | Found a bloodstained altar of Trog.
    85 | D        | Found an iron altar of Okawaru.
    85 | D        | Found a basalt altar of Yredelemnul.
    85 | D        | Found a glowing golden altar of the Shining One.
    85 | D        | Found a snail-covered altar of Cheibriados.
    85 | D        | Found a sacrificial altar of Ru.
    85 | D        | Found a glowing silver altar of Zin.
    85 | D        | Found a shadowy altar of Dithmenos.
    85 | D        | Found a white marble altar of Elyvilon.
    85 | D        | Noticed a yak
    86 | D        | Found an opulent altar of Gozag.
    87 | D        | Killed a yak
    87 | D        | Reached skill level 20 in Stealth
    88 | D        | Found a sparkling altar of Nemelex Xobeh.
    92 | D        | Bought a potion of flight for 36 gold pieces
    93 | D        | Became a worshipper of Warmaster Okawaru
   108 | D        | Noticed a centaur warrior
   109 | D        | Noticed a centaur warrior
   110 | D        | Killed a centaur warrior
   110 | D        | Reached * piety under Okawaru
   110 | D        | Reached XP level 7. HP: 33/33 MP: 8/8
   110 | D        | Reached XP level 8. HP: 37/37 MP: 9/9
   134 | D        | Slain by a centaur warrior

Skill      XL: |  1  2  3  4  5  6 |
---------------+-------------------+-----
Stealth        | 10 14 18 20 | 20.4
Dodging        | 14 | 14.3
Fighting       | |  1.5
Short Blades   | |  2.1
Throwing       | |  2.0

Action                   |  1- 3 |  4- 6 |  7- 9 || total
-------------------------+-------+-------+-------++-------
Melee: Dagger            |     4 |     4 |    22 ||    30
       Punch             |       |       |     1 ||     1
Invok: Heroism           |       |       |     1 ||     1
  Use: Scroll            |       |     1 |       ||     1
       Potion            |       |       |     1 ||     1
 Stab: Sleeping          |     2 |     4 |       ||     6
Armor: Robe              |       |       |     1 ||     1
Dodge: Dodged            |     2 |       |    19 ||    21
